[Event "*** Titled Tuesday Blitz"]
[Site "Chess.com"]
[Date "2020.04.21"]
[Round "9"]
[White "fidezivkovic"]
[Black "TregubovP"]
[Result "1-0"]
[WhiteElo "2295"]
[BlackElo "2523"]
[TimeControl "180+1"]
[EndTime "11:49:11 PDT"]
[Termination "fidezivkovic won by resignation"]

1. e4 e6 2. d4 d5 3. Nc3 Bb4 4. e5 c5 5. a3 Ba5 6. b4 cxd4 7. Nb5 Bc7 8. f4 Bd7 9. Nf3 Bxb5 10. Bxb5+ Nc6 11.
Nxd4 Ne7 12. O-O O-O 13. Kh1 a5 14. Rb1 axb4 15. axb4 Bb6 16. Nf3 Nf5 17. Bd3 h6 18.
Bxf5 exf5 19. Qd3 Qd7 20. b5 Ne7 21. Be3 Bxe3 22. Qxe3 Ra4 23. Nd4 Rc8 24. Rfd1 Ng6 25. Ra1 Rac4 26. h3 Nf8 27. Ra7 Ne6 28. Nxf5 d4 29.
Qg3 Rc3 30. Qg4 Qd5 31. Ne7+ 1-0

[Event "*** Titled Tuesday Blitz"]
[Site "Chess.com"]
[Date "2020.04.21"]
[Round "9"]
[White "Cecile-Haussernot"]
[Black "archess2"]
[Result "1-0"]
[WhiteElo "2360"]
[BlackElo "2221"]
[TimeControl "180+1"]
[EndTime "11:49:11 PDT"]
[Termination "Cecile-Haussernot won by resignation"]

1. e4 c6 2. d4 d5 3. Nc3 dxe4 4.
Nxe4 Bf5 5. Ng3 Bg6 6. Nf3 Nd7 7. h4 h6 8. h5 Bh7 9. Bd3 Bxd3 10. Qxd3 e6 11. Bd2 Ngf6 12. O-O-O Bd6 13. Ne4 Nxe4 14. Qxe4 Nf6 15. Qd3 Bc7 16. Rdg1 Qd5 17. Kb1 Qe4 18. Qb3 O-O-O 19. Re1 Qd5 20. c4 Qf5+ 21. Ka1 Ne4 22.
Be3 Nf6 23. Ne5 Bxe5 24. dxe5 Ne4 25. Bxa7 Nd2 26. Qb4 Qd3 27. Bb6 Nxc4 28. Bxd8 Rxd8 29. Rc1 Nxe5 30. Qa5 Nc4 31. Qc5 Nd2 32. Qa7 Kc7 33. Qa5+ Kc8 34. Rc3 Qe2 35. Rhc1 Qe4 36. Qa8+ Kc7 37. Qa5+ Kc8 38. Qb6 Rd6 39. Ra3 Kd7 40. Qxb7+ Ke8 41. Ra8+ Rd8 42. Rxd8+ Kxd8 43. Qb8+ Ke7 44.
Qa7+ Kf6 45. Qc5 Qa4 46. Qc3+ Ke7 47. Qxd2 1-0

[Event "*** Titled Tuesday Blitz"]
[Site "Chess.com"]
[Date "2020.04.21"]
[Round "9"]
[White "DonBroca"]
[Black "czasnaszachy"]
[Result "1-0"]
[WhiteElo "2112"]
[BlackElo "2293"]
[TimeControl "180+1"]
[EndTime "11:49:11 PDT"]
[Termination "DonBroca won by resignation"]

1. e4 c5 2. Nf3 e6 3. d4 cxd4 4.
Nxd4 Nc6 5. g3 a6 6. Bg2 Qc7 7. O-O Nf6 8. Nc3 Nxd4 9. Qxd4 Bc5 10. Qd3 h6 11. Bf4 e5 12. Be3 d6 13. Rad1 O-O 14.
h3 b5 15. Bxc5 dxc5 16. Qd6 Qxd6 17. Rxd6 Be6 18. Rfd1 Rfc8 19. Nd5 Nxd5 20. exd5 Bf5 21. Rd2 f6 22. g4 Bg6 23. Rc6 Kf7 24. d6 Rxc6 25.
Bxc6 Rd8 26. Rd5 Ke6 27. d7 c4 28. f3 e4 29. Kf2 f5 30. Ke3 exf3 31. Kxf3 fxg4+ 32. hxg4 Bxc2 33. Ke3 Bg6 34. Kd4 Ke7 35. Kc5 Be4 36.
Re5+ Kf6 37. Rxe4 g6 38. Re8 1-0

[Event "*** Titled Tuesday Blitz"]
[Site "Chess.com"]
[Date "2020.04.21"]
[Round "9"]
[White "thedjoker98"]
[Black "ajdemipopushi"]
[Result "1-0"]
[WhiteElo "2493"]
[BlackElo "2369"]
[TimeControl "180+1"]
[EndTime "11:49:12 PDT"]
[Termination "thedjoker98 won on time"]

1. d4 Nf6 2. c4 c5 3. d5 b5 4.
cxb5 a6 5. bxa6 Bxa6 6. Nc3 g6 7. e4 Bxf1 8. Kxf1 d6 9. Nf3 Bg7 10. g3 O-O 11. Kg2 Nbd7 12. a4 Ng4 13. Qe2 Qa5 14.
Nd2 h5 15. h3 Ngf6 16. Nc4 Qa6 17. Nb5 Qb7 18. Bd2 Ne8 19. Bc3 Nc7 20. Nxc7 Qxc7 21.
Bxg7 Kxg7 22. Rhe1 f6 23. b3 Rfb8 24. Rab1 Rb4 25.
Qd3 Rab8 26. Re3 Nb6 27. Nxb6 Qxb6 28. Ra1 Qb7 29. a5 Rd4 30. Qc3 f5 31. Ra4 Qa7 32. Rd3 Kf7 33. Rdxd4 cxd4 34. Rxd4 Rxb3 35. Qxb3 Qxd4 36. exf5 gxf5 37. a6 Qe4+ 38. Qf3 Qb1 39. a7 Qb7 40. Qxf5+ Kg7 41. Qg5+ Kf8 42. Qh6+ Kf7 43.
Qxh5+ Kf6 44. Qh8+ 1-0

[Event "*** Titled Tuesday Blitz"]
[Site "Chess.com"]
[Date "2020.04.21"]
[Round "9"]
[White "RoelandPruijssers"]
[Black "Izoria123"]
[Result "0-1"]
[WhiteElo "2630"]
[BlackElo "2795"]
[TimeControl "180+1"]
[EndTime "11:49:14 PDT"]
[Termination "Izoria123 won by resignation"]

1. e4 Nc6 2. Nf3 d6 3. Bb5 a6 4. Ba4 b5 5. Bb3 Na5 6. d4 e6 7. Bg5 Be7 8. Qd2 Nxb3 9. axb3 Bb7 10. Qe3 Nf6 11. Bxf6 Bxf6 12. Nbd2 O-O 13. O-O c5 14. dxc5 dxc5 15. e5 Be7 16. Ne4 Qd5 17. Nc3 Qc6 18. Rad1 Rad8 19. h3 h6 20. Rfe1 Rxd1 21. Rxd1 b4 22.
Na4 c4 23. Rd4 cxb3 24. cxb3 Bg5 25. Qe2 Be7 26. Rc4 Qb5 27. Nd4 Qd5 28. f3 a5 29.
Rc7 Qxd4+ 30. Qf2 Qd1+ 31. Kh2 Bg5 32. Rxb7 Bf4+ 33. g3 Rd8 34. Rb5 Rd2 35. Rb8+ Kh7 0-1

[Event "*** Titled Tuesday Blitz"]
[Site "Chess.com"]
[Date "2020.04.21"]
[Round "9"]
[White "ShieldingOff"]
[Black "Hippotaner"]
[Result "0-1"]
[WhiteElo "2008"]
[BlackElo "2224"]
[TimeControl "180+1"]
[EndTime "11:49:14 PDT"]
[Termination "Hippotaner won by resignation"]

1. d4 Nf6 2. c4 e6 3. g3 Bb4+ 4. Bd2 a5 5. Nf3 b6 6. Bg2 Bb7 7. O-O O-O 8. Nc3 d6 9. a3 Bxc3 10. Bxc3 Nbd7 11. Qc2 Be4 12. Qb3 Qb8 13. Rfd1 a4 14.
Qa2 Qb7 15. b3 b5 16. cxb5 Qxb5 17. bxa4 Qxa4 18. Qd2 Nb6 19. Bb2 Nc4 20. Qc3 Nd5 21.
Qc1 Rfb8 22. Bc3 Rb3 23. Bb4 Nb2 24. Rd2 Nxb4 25. Rxb2 Rxb2 26. Qxb2 Nc2 27. Rc1 Qxa3 28. Rxc2 Bxc2 29. Qxc2 Qa1+ 30. Bf1 Ra7 31. e3 g6 32. Kg2 Ra2 33. Qxc7 Qb2 34. Ng5 Qxf2+ 35. Kh3 Qxf1+ 36. Kh4 Rxh2+ 0-1

[Event "*** Titled Tuesday Blitz"]
[Site "Chess.com"]
[Date "2020.04.21"]
[Round "9"]
[White "ChadBiryani"]
[Black "Natalya_Buksa"]
[Result "0-1"]
[WhiteElo "2366"]
[BlackElo "2484"]
[TimeControl "180+1"]
[EndTime "11:49:15 PDT"]
[Termination "Natalya_Buksa won on time"]

1. d4 d5 2. Bf4 Nf6 3. Nc3 g6 4.
e3 c6 5. Be2 Bg7 6. h4 h5 7. Nf3 Bg4 8. Qd2 Nbd7 9. O-O-O Ne4 10. Nxe4 dxe4 11. Ng5 Bxe2 12. Qxe2 Nf6 13. Qc4 Qd5 14.
Qb4 b5 15. Kb1 a5 16. Qb3 O-O 17. Rc1 Ng4 18. Nxe4 Qxe4 19. f3 Qf5 20. fxg4 Qxg4 21. Qd3 Rfd8 22. Rh3 e5 23. Bg5 Qxg2 24. Rhh1 Rd7 25.
c3 b4 26. Rhg1 Qd5 27. c4 Qe6 28. d5 cxd5 29. Rgd1 d4 30. c5 Rc7 31. e4 Rac8 32. Qb5 Qc6 33. Qd3 Bf8 34. Rc2 a4 35. b3 axb3 36. Qxb3 Qxe4 37. Rc1 Bg7 38. Ka1 d3 39. Rb2 Qf5 40. Rd1 e4 41. Kb1 Rxc5 42. Rbd2 Rc2 43. Qa4 Qe5 0-1

[Event "*** Titled Tuesday Blitz"]
[Site "Chess.com"]
[Date "2020.04.21"]
[Round "9"]
[White "Azatnew"]
[Black "Carnivoras"]
[Result "1-0"]
[WhiteElo "2792"]
[BlackElo "2629"]
[TimeControl "180+1"]
[EndTime "11:49:19 PDT"]
[Termination "Azatnew won by checkmate"]

1. Nf3 d5 2. g3 Nf6 3. Bg2 Bf5 4. O-O e6 5. d4 Be7 6. c4 c6 7. Nc3 O-O 8. Qb3 Qb6 9. c5 Qxb3 10. axb3 Nbd7 11.
b4 a6 12. Nd2 e5 13. dxe5 Nxe5 14. Nb3 Nc4 15. Nd4 Bg6 16. f4 a5 17. bxa5 Bxc5 18. e3 Nxa5 19. f5 Bh5 20. h3 Nc4 21. Rxa8 Rxa8 22. b3 Ne5 23. Na4 Bb4 24. g4 Nfxg4 25. hxg4 Bxg4 26. e4 c5 27. Nb5 d4 28. Bf4 f6 29.
Nb6 Ra6 30. Nc4 Nxc4 31. bxc4 Be2 32. Rb1 Bxc4 33. Nxd4 Bd3 34. Rb3 cxd4 35. Rxb4 b5 36. Rxd4 Bc4 37. Rd8+ Kf7 38. Rb8 Ra7 39. Be3 Rd7 40.
Bc5 Rc7 41. Rf8# 1-0

[Event "*** Titled Tuesday Blitz"]
[Site "Chess.com"]
[Date "2020.04.21"]
[Round "9"]
[White "agrigo3"]
[Black "MathiasWomacka"]
[Result "0-1"]
[WhiteElo "2311"]
[BlackElo "2450"]
[TimeControl "180+1"]
[EndTime "11:49:19 PDT"]
[Termination "MathiasWomacka won on time"]

1. Nf3 c5 2. g3 Nc6 3. Bg2 e5 4. d3 g6 5. O-O Bg7 6. e4 Nge7 7. c3 O-O 8. a3 d6 9. b4 h6 10. b5 Na5 11. d4 exd4 12. cxd4 Bg4 13. h3 Bxf3 14.
Bxf3 Bxd4 15. Ra2 a6 16. Bxh6 Re8 17. a4 Nc4 18. Nd2 axb5 19. Nxc4 bxc4 20. Qc2 Nc6 21.
Qxc4 Ne5 22. Qe2 Qf6 23. Bg2 g5 24. Qh5 g4 25. hxg4 Qg6 26. Qxg6+ fxg6 27. Bf4 Ra7 28. Rb1 Rea8 29. g5 Rxa4 30. Rxa4 Rxa4 31. Rxb7 Ra2 32. Rb8+ Kf7 33. Rb7+ Ke8 34. Bh3 Rxf2 35. Bxe5 dxe5 0-1

[Event "*** Titled Tuesday Blitz"]
[Site "Chess.com"]
[Date "2020.04.21"]
[Round "9"]
[White "Keks2017"]
[Black "SloLev"]
[Result "0-1"]
[WhiteElo "2385"]
[BlackElo "2529"]
[TimeControl "180+1"]
[EndTime "11:49:20 PDT"]
[Termination "SloLev won by resignation"]

1. e4 e5 2. Nf3 Nc6 3. Bb5 Nge7 4. c3 g6 5. d4 exd4 6. cxd4 a6 7. Ba4 b5 8. Bb3 Bg7 9. d5 Na5 10. Bc2 O-O 11.
O-O d6 12. h3 c5 13. Nbd2 h6 14. Rb1 f5 15. Re1 fxe4 16. Nxe4 Kh7 17. Ng3 Nf5 18.
Nxf5 Bxf5 19. Bxf5 Rxf5 20. Re6 Nc4 21. b3 Ne5 22.
Nxe5 Bxe5 23. Qg4 Qg8 24. Be3 Raf8 25. Rf1 R8f6 26. Rxf6 Bxf6 27. Rd1 Rxd5 28. Qd7+ Bg7 29. Re1 c4 30. bxc4 bxc4 31. Qc6 c3 32. Rc1 Ra5 33. a4 Qb3 34. Qxd6 Rxa4 35. Qc7 Qc4 36. Qd7 Ra2 37. Rd1 c2 38. Rc1 Rb2 39. g3 Rb1 40. Kg2 Qe4+ 41.
Kh2 Rxc1 42. Bxc1 Qe1 43. Bb2 Qxf2+ 44. Kh1 Qf3+ 45. Kh2 Qe2+ 46. Kh1 Qd1+ 0-1

[Event "*** Titled Tuesday Blitz"]
[Site "Chess.com"]
[Date "2020.04.21"]
[Round "9"]
[White "littleozy"]
[Black "Enriquack"]
[Result "0-1"]
[WhiteElo "2382"]
[BlackElo "2268"]
[TimeControl "180+1"]
[EndTime "11:49:20 PDT"]
[Termination "Enriquack won on time"]

1. d4 Nf6 2. Nc3 d5 3. Bg5 Nbd7 4. f3 c5 5. dxc5 Qa5 6. Bxf6 Nxf6 7. Qd4 e5 8. Qxe5+ Be6 9. O-O-O Bxc5 10. e4 O-O 11. exd5 Nxd5 12. Nxd5 Qxa2 13. Nc3 Qa5 14. Bb5 Rad8 15.
Rxd8 Rxd8 16. Kb1 Bd4 17. Qg5 Bxc3 18. Qxd8+ Qxd8 19. bxc3 Qd1+ 20. Kb2 a6 21. Be2 Qe1 22. h4 b5 23. Bd3 Bc4 0-1

[Event "*** Titled Tuesday Blitz"]
[Site "Chess.com"]
[Date "2020.04.21"]
[Round "9"]
[White "grandcoach"]
[Black "ShahMatKanal"]
[Result "0-1"]
[WhiteElo "1988"]
[BlackElo "2469"]
[TimeControl "180+1"]
[EndTime "11:49:21 PDT"]
[Termination "ShahMatKanal won on time"]

1. e4 c6 2. d4 d5 3. e5 Bf5 4.
Nf3 e6 5. Be2 Nd7 6. O-O h6 7.
Nbd2 Bh7 8. Nb3 Ne7 9. a4 Ng6 10. a5 Be7 11. Be3 O-O 12. c4 f6 13. exf6 Bxf6 14.
Bd3 Rf7 15. Qc2 Ngf8 16. Rfe1 Rc8 17. Rad1 e5 18. dxe5 Nxe5 19. Nxe5 Bxe5 20. Bxh7+ Nxh7 21. Nc5 Qh4 22. g3 Qh3 23. Nd3 Bb8 24. Nf4 Bxf4 25.
Bxf4 Nf6 26. f3 Nh5 27. Bd6 Rxf3 28. Qg2 Qxg2+ 29. Kxg2 Rb3 30. Rd2 dxc4 31. Re7 Rd8 0-1

[Event "*** Titled Tuesday Blitz"]
[Site "Chess.com"]
[Date "2020.04.21"]
[Round "9"]
[White "GMartin_Petrov"]
[Black "Igor_Lysyj"]
[Result "1-0"]
[WhiteElo "2666"]
[BlackElo "2768"]
[TimeControl "180+1"]
[EndTime "11:49:22 PDT"]
[Termination "GMartin_Petrov won by resignation"]

1. e4 e5 2. Nf3 Nc6 3. Bc4 Bc5 4. c3 Nf6 5. d4 exd4 6. e5 d5 7. Bb5 Ne4 8. cxd4 Bb6 9. Nc3 O-O 10. Be3 Bg4 11.
h3 Bh5 12. O-O Nxc3 13. bxc3 f6 14. exf6 Qxf6 15. Be2 Rae8 16. Qd2 h6 17. Rae1 Bxf3 18. Bxf3 Ne7 19. Bf4 Qxf4 20. Qxf4 Rxf4 21. Bxd5+ Kf8 22.
Bxb7 Rd8 23. Re5 Ng6 24. Re6 Rf6 25. Re4 c5 26. d5 Re8 27. Rfe1 Rxe4 28. Rxe4 c4 29.
Rxc4 Bxf2+ 30. Kh2 Bb6 31. Rc8+ Ke7 32. c4 Rf8 33.
Rc6 Nh4 34. c5 Ba5 35. Ra6 Bc3 36. Re6+ Kd7 37. Bc6+ Kc7 38. Re7+ Kd8 39. d6 Nf5 40. Rxa7 Be5+ 41. Kg1 Bd4+ 42. Kh2 Be5+ 43. g3 Nxd6 44. cxd6 Bxd6 45. Rd7+ 1-0

[Event "*** Titled Tuesday Blitz"]
[Site "Chess.com"]
[Date "2020.04.21"]
[Round "9"]
[White "ntmh281"]
[Black "DucksParadise"]
[Result "1-0"]
[WhiteElo "2249"]
[BlackElo "2066"]
[TimeControl "180+1"]
[EndTime "11:49:22 PDT"]
[Termination "ntmh281 won by checkmate"]

1. d4 Nf6 2. Bf4 e6 3. e3 c5 4.
Nf3 Nc6 5. c3 d5 6. Nbd2 Bd6 7.
Bg3 O-O 8. Bd3 b6 9. Qe2 Bb7 10. Rd1 Rc8 11. e4 Be7 12. e5 Nh5 13. Ng5 Bxg5 14. Qxh5 g6 15. Qg4 h5 16. Qe2 cxd4 17. f4 Bh6 18. Nf3 dxc3 19. bxc3 Qc7 20. O-O Ne7 21. Rc1 Qc5+ 22. Kh1 Nf5 23. Bf2 Qa3 24.
Nd4 Nxd4 25. Bxd4 Bxf4 26. Rb1 Bh6 27. g4 h4 28. g5 Bxg5 29. Qg4 Be7 30. Bxg6 fxg6 31.
Qxg6+ Kh8 32. Qh6+ Kg8 33. Rg1+ Kf7 34. Qg6# 1-0

[Event "*** Titled Tuesday Blitz"]
[Site "Chess.com"]
[Date "2020.04.21"]
[Round "9"]
[White "Mikhail_Biryukov"]
[Black "evgenyermolaev"]
[Result "0-1"]
[WhiteElo "2660"]
[BlackElo "2520"]
[TimeControl "180+1"]
[EndTime "11:49:24 PDT"]
[Termination "evgenyermolaev won by checkmate"]

1. e4 c5 2. Nf3 d6 3. Bb5+ Nd7 4. c4 a6 5. Bxd7+ Bxd7 6. d4 cxd4 7. Qxd4 e5 8. Qd2 b5 9. cxb5 axb5 10. O-O h6 11. Nc3 Nf6 12. Re1 Be7 13. b3 O-O 14.
Bb2 Bc6 15. Qd3 Qd7 16. Nd2 Qb7 17. Nd1 Nh5 18. Qf3 Nf4 19. Qe3 f5 20. g3 Nh3+ 21. Kg2 Ng5 22. f3 Nxf3 23. Nxf3 Bxe4 24. Nf2 Bc6 25. Rac1 f4 26. gxf4 Rxf4 27. Rxc6 Qxc6 28. Nd3 Rg4+ 29. Kh3 Rg6 30. Nfxe5 Qg2# 0-1

[Event "*** Titled Tuesday Blitz"]
[Site "Chess.com"]
[Date "2020.04.21"]
[Round "9"]
[White "rasmussvane"]
[Black "Mikhail_Golubev"]
[Result "1-0"]
[WhiteElo "2845"]
[BlackElo "2531"]
[TimeControl "180+1"]
[EndTime "11:49:24 PDT"]
[Termination "rasmussvane won by resignation"]

1. Nf3 d6 2. d4 Nf6 3. c4 g6 4. Nc3 Bg7 5. e4 O-O 6. Be2 e5 7. O-O Nc6 8. dxe5 dxe5 9. Bg5 Qxd1 10. Rfxd1 Bg4 11. h3 Bxf3 12. Bxf3 Nd4 13. Nd5 Nxd5 14. cxd5 c6 15. dxc6 bxc6 16. Rac1 Rfb8 17. Rd2 a5 18.
Be3 a4 19. Bxd4 exd4 20. Rxc6 Bh6 21. Rxd4 Rxb2 22. e5 Rxa2 23. Bd5 Ra1+ 24. Kh2 a3 25. Rc7 a2 26. Kg3 Rc1 27. Rxf7 Bg7 28. Ra7+ 1-0

[Event "*** Titled Tuesday Blitz"]
[Site "Chess.com"]
[Date "2020.04.21"]
[Round "9"]
[White "queen_iryna"]
[Black "Ind1anStar"]
[Result "1-0"]
[WhiteElo "2300"]
[BlackElo "2561"]
[TimeControl "180+1"]
[EndTime "11:49:24 PDT"]
[Termination "queen_iryna won by resignation"]

1. d4 d5 2. Nc3 e6 3. e4 Bb4 4.
e5 c5 5. a3 Bxc3+ 6. bxc3 Ne7 7. Qg4 Qc7 8. Bd2 Nbc6 9. Nf3 Ng6 10. Bd3 Bd7 11. h4 c4 12. Be2 O-O-O 13. h5 Nge7 14. Qxg7 Nf5 15. Qf6 Rhg8 16. g3 Kb8 17. Bf1 Rg4 18.
Bh3 Re4+ 19. Kf1 Nce7 20. Ng5 Rf8 21. Nxe4 dxe4 22. Bxf5 Nxf5 23. g4 e3 24. Bxe3 Qc6 25. Rh2 Nxe3+ 26. fxe3 Rg8 27. g5 Qd5 28. Qxf7 Rxg5 29.
Ke2 Rg2+ 30. Rxg2 Qxg2+ 31. Qf2 Qg4+ 32. Kd2 Kc7 33. Rh1 Qxh5 34. Rxh5 1-0

[Event "*** Titled Tuesday Blitz"]
[Site "Chess.com"]
[Date "2020.04.21"]
[Round "9"]
[White "youngKID"]
[Black "Rud_Makarian"]
[Result "0-1"]
[WhiteElo "2799"]
[BlackElo "2673"]
[TimeControl "180+1"]
[EndTime "11:49:25 PDT"]
[Termination "Rud_Makarian won by resignation"]

1. Nf3 Nf6 2. c4 g6 3. Nc3 Bg7 4. e4 d6 5. d4 O-O 6. Be2 e5 7. O-O Nc6 8. d5 Ne7 9. b4 a5 10. bxa5 Ne8 11. a4 f5 12. Ba3 Rxa5 13. Bb4 Ra8 14.
c5 dxc5 15. Bxc5 Nd6 16. Rc1 Bh6 17. Nxe5 Bxc1 18. Qxc1 fxe4 19. Ng4 Bxg4 20. Bxg4 Nef5 21. Qc2 e3 22. fxe3 Qg5 23. Rf4 Rae8 24. Qf2 b6 25. Bxf5 Rxf5 26. Bd4 Rxf4 27. exf4 Qf5 28. h3 Qd3 29.
Kh2 Nf5 30. Be5 Rxe5 31. fxe5 Qxc3 32. Qf4 Qd4 0-1

[Event "*** Titled Tuesday Blitz"]
[Site "Chess.com"]
[Date "2020.04.21"]
[Round "9"]
[White "isla88"]
[Black "Kimster98"]
[Result "0-1"]
[WhiteElo "2328"]
[BlackElo "2546"]
[TimeControl "180+1"]
[EndTime "11:49:25 PDT"]
[Termination "Kimster98 won by resignation"]

1. c4 e6 2. Nc3 d5 3. e3 Nf6 4. b3 g6 5. Bb2 Bg7 6. Nf3 O-O 7.
Be2 b6 8. O-O Bb7 9. cxd5 Nxd5 10.
a3 c5 11. Qc2 Nc6 12. Nxd5 Qxd5 13. Bxg7 Kxg7 14. Qc3+ f6 15. Rfd1 e5 16. d3 Rac8 17.
Qc4 Rfd8 18. Rac1 Na5 19. Qxd5 Bxd5 20. b4 Nb3 21. Rc3 cxb4 22. Rxc8 Rxc8 23. axb4 Rc2 24.
Kf1 a5 25. bxa5 bxa5 26. e4 Bc6 27. Rb1 a4 28. Bd1 Rc1 29. Rxc1 Nxc1 30. Bxa4 Bxa4 31. d4 Bb5+ 32. Ke1 Nd3+ 33. Kf1 Nf4+ 34. Ke1 Nxg2+ 35.
Kd2 exd4 36. Nxd4 Bd7 37. Kd3 Nf4+ 38. Ke3 Ne6 39. Ne2 g5 40. e5 fxe5 41. Ke4 Nf4 42. Ng3 Ng6 43. Nh5+ Kf7 44. Kd5 Bg4 45. Ng3 Bf3+ 46.
Kd6 h5 47. Nf5 Kf6 48. Ne3 Nf4 49. Nc4 Nd3 50. Ne3 Nxf2 51. Nc4 Ne4+ 52. Kd7 0-1

[Event "*** Titled Tuesday Blitz"]
[Site "Chess.com"]
[Date "2020.04.21"]
[Round "9"]
[White "kleopl"]
[Black "Jenia84"]
[Result "0-1"]
[WhiteElo "2432"]
[BlackElo "2313"]
[TimeControl "180+1"]
[EndTime "11:49:26 PDT"]
[Termination "Jenia84 won by checkmate"]

1. c4 Nf6 2. Nc3 e5 3. Nf3 Nc6 4. e4 Bc5 5. Nxe5 Nxe5 6. d4 Bb4 7. dxe5 Nxe4 8. Qf3 Nxc3 9. bxc3 Bc5 10. Qg3 g6 11.
Bg5 Be7 12. Bh6 Bf8 13. Bf4 Bg7 14. h4 Qe7 15. Be2 O-O 16. Rd1 Re8 17. Rd2 Bxe5 18. Bxe5 Qxe5 19. Qf3 d6 20. O-O Qe4 21. Qg3 Bf5 22.
Bf3 Qxc4 23. Bxb7 Rab8 24. Bd5 Qc5 25. h5 Be6 26. c4 Bxd5 27. cxd5 Re5 28. hxg6 hxg6 29.
Rfd1 Rbe8 30. Qf3 Re1+ 31. Kh2 Rxd1 32. Qxd1 Qc3 33. g3 Qe5 34. Kg2 Qe4+ 35. Kh2 Kg7 36. Qa1+ f6 37. f3 Qxf3 38. Rg2 Rh8+ 39. Kg1 Qe3+ 40.
Kf1 Rh1+ 41. Rg1 Rxg1# 0-1

[Event "*** Titled Tuesday Blitz"]
[Site "Chess.com"]
[Date "2020.04.21"]
[Round "9"]
[White "crescentmoon2411"]
[Black "MaxVavulin"]
[Result "1-0"]
[WhiteElo "2768"]
[BlackElo "2581"]
[TimeControl "180+1"]
[EndTime "11:49:27 PDT"]
[Termination "crescentmoon2411 won by resignation"]

1. e4 e5 2. Nf3 Nc6 3. Bc4 Nf6 4. d3 h6 5. O-O d6 6. Nc3 Na5 7. Bb3 Nxb3 8. axb3 g6 9. d4 exd4 10. Qxd4 Bg7 11. Rxa7 Rxa7 12. Qxa7 O-O 13. Re1 Re8 14. h3 g5 15. Nh2 c6 16. Bd2 Qc7 17. Nf1 d5 18.
exd5 Rxe1 19. Bxe1 cxd5 20. Ne3 Qc6 21. Qd4 Be6 22. Qd3 Qd7 23. Ne2 Ne4 24. Bc3 Nxc3 25. bxc3 Qc6 26. Nd4 Qb6 27. Nef5 Bf8 28. Qe3 Qa6 29.
Nxe6 fxe6 30. Nd4 Kf7 31. g3 Bd6 32. Qxe6+ 1-0

[Event "*** Titled Tuesday Blitz"]
[Site "Chess.com"]
[Date "2020.04.21"]
[Round "9"]
[White "manitodeplomo"]
[Black "AnonymusDonkey"]
[Result "1-0"]
[WhiteElo "2630"]
[BlackElo "2422"]
[TimeControl "180+1"]
[EndTime "11:49:27 PDT"]
[Termination "manitodeplomo won by resignation"]

1. d4 Nf6 2. c4 e6 3. Nf3 d5 4.
Nc3 Bb4 5. Qa4+ Nc6 6. e3 O-O 7. Bd2 a6 8. Rd1 Re8 9. h3 Bd7 10. Qc2 Bd6 11. Bc1 dxc4 12. Bxc4 b5 13. Be2 Qe7 14. O-O e5 15. a3 exd4 16. exd4 b4 17.
axb4 Nxb4 18. Qb1 Nfd5 19. Rfe1 Qf6 20. Ne4 Qg6 21. Ne5 Bxe5 22. dxe5 Bf5 23. Bf3 Rxe5 24. Rd4 Rae8 25. Bd2 c5 26. Rc4 Nf6 27. Nxf6+ gxf6 28. Rxe5 Bxb1 29. Rxe8+ Kg7 30. Rg4 1-0

[Event "*** Titled Tuesday Blitz"]
[Site "Chess.com"]
[Date "2020.04.21"]
[Round "9"]
[White "Sviridov_Valery"]
[Black "FairChess_on_YouTube"]
[Result "0-1"]
[WhiteElo "2871"]
[BlackElo "3048"]
[TimeControl "180+1"]
[EndTime "11:49:29 PDT"]
[Termination "FairChess_on_YouTube won by resignation"]

1. Nf3 b5 2. g3 Bb7 3. Bg2 e6 4. O-O Nf6 5. d3 c5 6. e4 d6 7. Nbd2 Be7 8. Nh4 Nc6 9. f4 O-O 10. Nhf3 d5 11. e5 Ng4 12. Qe2 Qb6 13. h3 c4+ 14. d4 Nxd4 15. Nxd4 Qxd4+ 16. Kh1 Ne3 17. Nf3 Nxf1 18. Bxf1 Qe4 19. Qf2 Bc5 20. Qxc5 Qxf3+ 21.
Bg2 Qd1+ 22. Kh2 Rab8 23. Qxa7 Ba8 24. Qf2 d4 25. Qd2 Qxd2 26. Bxd2 Bxg2 27. Kxg2 b4 28. Kf3 f5 29. exf6 gxf6 30. Ke4 Rfd8 31. g4 Kf7 32. Be1 d3 33. cxd3 Rxd3 34. Rc1 Rc8 35. Bxb4 Rxh3 36. Rd1 Rd3 37. Rh1 Kg6 38. f5+ exf5+ 39. gxf5+ Kg7 40. Rg1+ Kf7 41. Bc3 Re8+ 42. Kf4 Rde3 0-1

[Event "*** Titled Tuesday Blitz"]
[Site "Chess.com"]
[Date "2020.04.21"]
[Round "9"]
[White "Pultis"]
[Black "Vuk2000"]
[Result "1-0"]
[WhiteElo "2747"]
[BlackElo "2624"]
[TimeControl "180+1"]
[EndTime "11:49:29 PDT"]
[Termination "Pultis won by resignation"]

1. Nf3 Nf6 2. g3 d5 3. Bg2 e6 4.
O-O Be7 5. d3 O-O 6. Nbd2 c5 7.
e4 Nc6 8. Re1 b5 9. e5 Nd7 10. Nf1 a5 11. h4 b4 12. Bf4 a4 13.
Qd2 Ba6 14. h5 h6 15. N1h2 Kh7 16. Ng4 Nd4 17. Nxd4 cxd4 18. Nh2 b3 19. cxb3 axb3 20. Nf3 bxa2 21. Nxd4 Qb6 22. Ne2 Qb3 23. Nc1 Qb5 24. Rd1 Bb4 25. Qe2 Nc5 26. Rxa2 Bb7 27. g4 Rxa2 28.
Nxa2 Ba6 29. g5 hxg5 30. Bxg5 Nxd3 31. Bf1 Qb6 32. Rxd3 Bxd3 33. Qxd3+ Kh8 34. h6 Rg8 35. Qh3 g6 36. Qf3 Rf8 1-0

[Event "*** Titled Tuesday Blitz"]
[Site "Chess.com"]
[Date "2020.04.21"]
[Round "9"]
[White "Grandmaster2B"]
[Black "LuisFSiles"]
[Result "1-0"]
[WhiteElo "2518"]
[BlackElo "2268"]
[TimeControl "180+1"]
[EndTime "11:49:29 PDT"]
[Termination "Grandmaster2B won by resignation"]

1. e4 c5 2. Nf3 d6 3. d4 cxd4 4.
Nxd4 Nf6 5. Nc3 g6 6. Be3 Bg7 7. f3 O-O 8. Bc4 Nc6 9. Qd2 Bd7 10. O-O-O Qa5 11. Nb3 Qc7 12. h4 Ne5 13. Be2 a5 14.
Kb1 a4 15. Nc1 a3 16. b3 Rfc8 17. Bd4 Nc6 18. Nb5 Qd8 19. Ba1 Ra5 20. h5 Ne5 21.
Nd4 Nxh5 22. g4 Nf6 23. g5 Nh5 24. f4 Ng4 25. Rdg1 f5 26. exf5 Bxf5 27. Nxf5 Bxa1 28. Kxa1 gxf5 29. Rxh5 Rac5 30. c4 Qf8 31. Nd3 Qg7+ 32. Kb1 R5c7 33. Nb4 b5 34. Nd5 Rc5 35. Qc3 e5 36.
Bxg4 fxg4 37. Nf6+ Kf8 38. Rxh7 Qg6+ 39. Qc2 e4 40.
Qxe4 Qxe4+ 41. Nxe4 1-0

[Event "*** Titled Tuesday Blitz"]
[Site "Chess.com"]
[Date "2020.04.21"]
[Round "9"]
[White "PawnEatingZombie"]
[Black "DDTerziev04"]
[Result "0-1"]
[WhiteElo "2145"]
[BlackElo "2302"]
[TimeControl "180+1"]
[EndTime "11:49:30 PDT"]
[Termination "DDTerziev04 won on time"]

1. d4 d5 2. c4 dxc4 3. e4 Nf6 4.
e5 Nd5 5. Bxc4 Nb6 6. Bd3 Nc6 7. Ne2 Bg4 8. f3 Bh5 9. Nbc3 e6 10. a3 f6 11.
exf6 Qxf6 12. Ne4 Qd8 13. Be3 Nd5 14. Bf2 Be7 15. O-O O-O 16. Bc2 Bf6 17. Qe1 b6 18.
Rd1 Bg6 19. h4 Kh8 20. g4 Be7 21. h5 Bxe4 22. Bxe4 Bd6 23. Bh4 Qe8 24. Qd2 Qf7 25. Bb1 Nce7 26. Qd3 g6 27. h6 Rae8 28. Qe4 Nf4 29.
Nxf4 Qxf4 30. Qxf4 Bxf4 31. Rfe1 Nd5 32. Be4 Ne3 33. Rd3 Nd5 34. Bf2 Bxh6 0-1

[Event "*** Titled Tuesday Blitz"]
[Site "Chess.com"]
[Date "2020.04.21"]
[Round "9"]
[White "Rainmond"]
[Black "vpsetter"]
[Result "1-0"]
[WhiteElo "2735"]
[BlackElo "2611"]
[TimeControl "180+1"]
[EndTime "11:49:31 PDT"]
[Termination "Rainmond won on time"]

1. Nf3 Nf6 2. d4 e6 3. c4 d5 4. Nc3 Be7 5. Bf4 O-O 6. e3 Nbd7 7.
h3 c5 8. cxd5 exd5 9. Bd3 cxd4 10. Nxd4 Nc5 11. O-O a6 12. Qc2 Re8 13. Rfd1 Bd7 14.
Bf5 Rc8 15. Bxd7 Qxd7 16. Qf5 Ne6 17. Be5 Red8 18. Nf3 Nc5 19. Qxd7 Rxd7 20. Rac1 Rcd8 21. Bd4 Ne6 22. Ne5 Rc7 23. Bb6 Bd6 24. Bxc7 Bxc7 25.
Nf3 Kf8 26. Ne2 Bd6 27. Nfd4 Ng5 28. f3 Re8 29. Kf2 g6 30. h4 Ne6 31. Nxe6+ fxe6 32. Nd4 Kf7 33. b4 h6 34. b5 a5 35. b6 Nd7 36.
Nb5 Bb8 37. e4 Nxb6 38. Nc3 Rd8 39. Rb1 Ba7 40. Ke2 Rc8 41. Nb5 Bb8 42. Nd4 Ba7 43. exd5 exd5 44. Nb5 Bb8 45. Nd6+ Bxd6 46. Rxb6 Bf4 47.
Rxb7+ Ke6 48. Rb6+ Ke5 49. Kd3 d4 50. Rb5+ 1-0